 Dungeon Crawl Stone Soup version 0.30.1-11-g7821555f0a (webtiles) character file.

Game seed: 17039485565589724182

4487 edilice the Cleaver (level 10, -4/88 HPs)
             Began as a Hill Orc Reaver on Jan 16, 2024.
             Slain by a komodo dragon (8 damage)
             ... on level 10 of the Dungeon.
             The game lasted 00:34:45 (10037 turns).

edilice the Cleaver (Hill Orc Reaver)              Turns: 10037, Time: 00:34:45

Health: -4/88      AC: 21    Str: 20    XL:     10   Next: 38%
Magic:  12/12      EV:  7    Int: 13    God:
Gold:   575        SH:  0    Dex:  9    Spells: 11/12 levels left

rFire   . . .        P - +2 war axe (heavy)
rCold   . . .        (no shield)
rNeg    . . .        L - +0 plate armour
rPois   .            (no helmet)
rElec   .            J - +2 cloak
rCorr   .            D - +0 pair of gloves
SInv    .            (no boots)
Will    .....        (no amulet) Stlth
                     j - +4 ring of protection
HPRegen 0.34/turn    v - +4 ring of slaying
MPRegen 0.13/turn

%: no passive effects
@: no status effects
A: no striking features
a: no special abilities


You were on level 10 of the Dungeon.
You visited 2 branches of the dungeon, and saw 11 of its levels.

You collected 575 gold pieces.

Inventory:

Hand Weapons
 a - a +0 hand axe
 t - a +1 war axe
 F - a +1 whip of electrocution
 O - a +0 spectral falchion
 P - a +2 heavy war axe (weapon)
 T - a +0 battleaxe
Armour
 b - a +0 leather armour
 d - +0 acid dragon scales
 e - a +2 robe of positive energy
 o - a +0 pair of gloves
 p - a +0 cloak
 y - a +0 chain mail
 D - a +0 pair of gloves (worn)
 I - an orb of guile
 J - a +2 cloak (worn)
 L - a +0 plate armour (worn)
Jewellery
 j - a +4 ring of protection (left hand)
 m - a ring of ice
 n - a ring of magical power
 q - a ring of protection from fire
 v - a +4 ring of slaying (right hand)
 w - a ring of fire
 x - an amulet of faith
 C - a +6 ring of strength
 K - a ring of protection from fire
Wands
 c - a wand of flame (10)
 s - a wand of paralysis (12)
 G - a wand of digging (5)
 M - a wand of roots (9)
Scrolls
 f - 2 scrolls of teleportation
 h - 4 scrolls of poison
 i - a scroll of amnesia
 A - 2 scrolls of enchant weapon
 R - a scroll of fog {unknown}
 S - a scroll of magic mapping {unknown}
Potions
 g - 4 potions of attraction
 k - 2 potions of resistance {unknown}
 l - a potion of degeneration
 r - a potion of ambrosia {unknown}
 u - 4 potions of lignification
 z - 3 potions of magic
 B - 2 potions of cancellation
 E - 2 potions of flight {unknown}
 H - 2 potions of berserk rage {unknown}
 N - a potion of might {unknown}
 Q - a potion of curing


   Skills:
 + Level 8.1 Fighting
 + Level 13.3 Axes
 + Level 7.3 Armour
 + Level 4.2 Dodging
 + Level 2.3 Stealth
 + Level 1.8 Spellcasting
 + Level 3.3 Conjurations


You had 11 spell levels left.
You knew the following spells:

 Your Spells              Type           Power      Damage    Failure   Level
a - Kiss of Death         Conj/Necr      20%        2d7       95%         1

Your spell library contained the following spells:

 Spells                   Type           Power      Damage    Failure   Level
 Necrotise                Necr           4%         1d4       99%         1
 Momentum Strike          Conj/Tloc      10%        3d8       99%         2
 Blink                    Tloc           2%         N/A       100%        2
 Lesser Beckoning         Tloc           2%         N/A       100%        2
 Hailstorm                Conj/Ice       5%         3d4       100%        3
 Vampiric Draining        Necr           1%         2d6       100%        3
 Agony                    Necr           1%         N/A       100%        5


Dungeon Overview and Level Annotations

Branches:
Dungeon (10/15)            Temple (1/1) D:5
   Lair: D:8-11         Orc: D:9-12

Altars:
Ashenzari
Cheibriados
Dithmenos
Gozag
Kikubaaqudgha
Makhleb
Nemelex Xobeh
Okawaru
Qazlal
Sif Muna
Trog
Uskayaw
Vehumet
Wu Jian
Zin
The Shining One

Shops:
D:1 [   D:3 :   D:5 !

Annotations:
D:3 1 runed translucent door, GriffinBr's ghost, amateur MeWn
D:10 4 runed translucent doors


Message History

The vampire mosquito bites you but does no damage.
You closely miss the vampire mosquito.
The komodo dragon hisses angrily.
The vampire mosquito bites you but does no damage. x2
The vampire mosquito barely misses you.
You miss the vampire mosquito.
The vampire mosquito closely misses you. x2
You miss the vampire mosquito. The vampire mosquito bites you.
The vampire mosquito draws strength from your injuries!
The vampire mosquito bites you but does no damage.
You slice the vampire mosquito!!
The vampire mosquito is almost destroyed.
The vampire mosquito completely misses you.
The vampire mosquito bites you but does no damage.
You hit the vampire mosquito but do no damage.
The vampire mosquito is almost destroyed.
The vampire mosquito barely misses you.
The vampire mosquito bites you but does no damage. x2
You closely miss the vampire mosquito.
The vampire mosquito is almost destroyed.
The vampire mosquito barely misses you.
The vampire mosquito bites you but does no damage.
You slice the vampire mosquito!!
You destroy the vampire mosquito!
The komodo dragon bites you!!
You slash the komodo dragon!
The komodo dragon is lightly wounded.
The komodo dragon bites you but does no damage.
You hit the komodo dragon.
The komodo dragon is moderately wounded.
The komodo dragon bites you!
* * * LOW HITPOINT WARNING * * *
You closely miss the komodo dragon.
The komodo dragon is moderately wounded.
The komodo dragon bites you!!
* * * LOW HITPOINT WARNING * * *
You slice the komodo dragon!!
The komodo dragon is severely wounded.
The komodo dragon bites you!
You die...

#..######..######..#
#....... #.## ####
##.# #....# #.#
#.#####....# ###.#
#..........# ....#
## #..........#
....# ##.#
#..........# ##..#
#.ยง ##.######...###
###..# #l###..#
#...... # #....
#.@...## #...... #
#..#..# ##..###
#...### # #.....#
#..# #...# #
#..##.+. .+..# #...#
# #..# +. ..+..#
#...# ...8#..# #...#
)=8##..# #...# ###
...# #...### .......


You could see a komodo dragon.

Vanquished Creatures
  Pikel (D:5)
  Maggie (D:8)
  A troll (D:8)
  Sigmund (D:5)
  A wyvern (D:8)
  A vampire mosquito (D:10)
  A steam dragon (D:10)
  A black bear (D:7)
  2 sky beasts
  2 orc warriors
  5 centaurs
  A wolf (D:8)
  A kobold brigand (D:7)
  Blork the orc (D:4)
  5 bullfrogs
  3 scorpions
  3 wights (D:5)
  3 killer bees (D:9)
  2 howler monkeys
  6 hounds
  A jelly (D:7)
  A gnoll bouda (D:5)
  4 orc priests
  Ijyb (D:4)
  Jessica (D:2)
  3 orc wizards
  4 iguanas
  6 adders
  16 gnolls
  A shadow imp (D:8)
  2 white imps
  3 worms
  5 dart slugs
  20 orcs
  2 endoplasms
  2 giant cockroaches
  2 hobgoblins
  10 jackals
  9 kobolds
  2 quokkas
  3 ball pythons
  5 bats
  2 frilled lizards
  10 goblins
  5 rats
162 creatures vanquished.

Vanquished Creatures (others)
  A troll (D:10)
  An orc (D:8)
2 creatures vanquished.

Grand Total: 164 creatures vanquished

Notes
Turn   | Place    | Note
-------+----------+-------------------------------------------
     0 | D:1      | edilice the Hill Orc Reaver began the quest for the Orb.
     0 | D:1      | Reached XP level 1. HP: 18/18 MP: 3/3
    87 | D:1      | Found Ifipou's Armour Shop.
   372 | D:1      | Reached XP level 2. HP: 22/25 MP: 4/4
   644 | D:2      | Noticed Jessica
   648 | D:2      | Killed Jessica
   649 | D:2      | Reached XP level 3. HP: 21/30 MP: 5/5
  1138 | D:2      | Reached XP level 4. HP: 38/38 MP: 6/6
  1852 | D:3      | Found Kegel's Book Shoppe.
  2052 | D:3      | Reached skill level 5 in Axes
  2244 | D:3      | Reached skill level 1 in Armour
  2337 | D:3      | Found a runed translucent door.
  2342 | D:3      | Noticed GriffinBr's ghost (amateur MeWn)
  2505 | D:3      | Found a stormy altar of Qazlal.
  2810 | D:4      | Reached XP level 5. HP: 38/45 MP: 7/7
  2982 | D:4      | Noticed Ijyb
  3011 | D:4      | Killed Ijyb
  3012 | D:4      | Reached skill level 1 in Stealth
  3297 | D:4      | Reached skill level 6 in Axes
  3317 | D:4      | Reached XP level 6. HP: 8/51 MP: 8/8
  4246 | D:5      | Entered Level 5 of the Dungeon
  4316 | D:5      | Reached skill level 7 in Axes
  4316 | D:5      | Reached XP level 7. HP: 18/58 MP: 9/9
  4502 | D:5      | Found a staircase to the Ecumenical Temple.
  4509 | Temple   | Entered the Ecumenical Temple
  4721 | D:5      | Noticed Sigmund
  4731 | D:5      | Found Alaalib's Distillery.
  4734 | D:5      | Noticed Blork the orc
  4786 | D:4      | Killed Blork the orc
  4787 | D:4      | Reached skill level 8 in Axes
  4999 | D:5      | Reached XP level 8. HP: 45/67 MP: 10/10
  5073 | D:5      | Killed Sigmund
  5190 | D:5      | Reached skill level 9 in Axes
  5493 | D:5      | Noticed Pikel
  5519 | D:5      | Killed Pikel
  5520 | D:5      | Reached skill level 5 in Fighting
  5520 | D:5      | Reached skill level 10 in Axes
  5935 | D:6      | Found a broken altar of Ashenzari.
  6127 | D:6      | Reached skill level 5 in Armour
  6127 | D:6      | Reached XP level 9. HP: 64/75 MP: 11/11
  6322 | D:6      | Reached skill level 11 in Axes
  7416 | D:7      | Reached skill level 12 in Axes
  7444 | D:7      | Found an iron altar of Okawaru.
  7938 | D:8      | Noticed a troll
  7956 | D:8      | Killed a troll
  8569 | D:8      | Noticed Maggie
  8590 | D:8      | Killed Maggie
  8591 | D:8      | Reached XP level 10. HP: 35/86 MP: 12/12
  8759 | D:8      | Reached skill level 13 in Axes
  9420 | D:9      | You fall into a shaft and drop 1 floor!
  9420 | D:10     | Entered Level 10 of the Dungeon
  9579 | D:10     | Found a large runed translucent door.
  9580 | D:10     | Found a large runed translucent door.
  9582 | D:10     | HP: 1/88 [wraith (5)]
  9970 | D:10     | Found a large runed translucent door.
  9971 | D:10     | Found a large runed translucent door.
 10036 | D:10     | HP: 4/88 [komodo dragon (18)]
 10037 | D:10     | Slain by a komodo dragon

Illustrated notes

Levels and vault maps discovered:
D:1:      lightli_arrival_flooded_house, layout_rooms, serial_shops, shop
D:2:      layout_basic, hangedman_abyss_or_decor_stabs, uniq_jessica
D:3:      layout_loops_cross, general_overflow_altar, serial_shops,
          nicolae_shop_just_a_little_nook, ebering_ghost_reflecting_pool,
          reono_crystal_passage
D:4:      kennysheep_goblin_castle, layout_basic
D:5:      layout_loops_ring, minmay_temple_entry_trees, serial_shops, shop,
          uniq_blork_the_orc, uniq_sigmund, uniq_pikel
D:6:      layout_cave_pools, ashenzari_conservatory_becter
D:7:      layout_basic, hellmonk_okawaru_the_only_friend_you_need
D:8:      layout_cave_pods, erik_lair_island, st_stairs_4, uniq_maggie
D:9:      nicolae_hitomezashi [nicolae_hito_row, nicolae_hito_row,
          nicolae_hito_row, nicolae_hito_row, nicolae_hito_row,
          nicolae_hito_row, nicolae_hito_row, nicolae_hito_row,
          nicolae_hito_row, nicolae_hito_row, nicolae_hito_row,
          nicolae_hito_row, nicolae_hito_row, nicolae_hito_row,
          nicolae_hito_row, nicolae_hito_row, nicolae_hito_row,
          nicolae_hito_row], layout_basic, minmay_overflow_temple_hex,
          gammafunk_ghost_wrathful_warriors, enter_bailey_2,
          hangedman_fish_farm, uniq_maurice
D:10:     layout_small_grid, serial_rivers, chequers_serial_rivers_micro_a,
          chequers_serial_rivers_micro_d, chequers_serial_rivers_micro_e,
          chequers_serial_rivers_large_b, minmay_hollow_rounded_squares
Temple:   nicolae_temple_ecumenical_triangle

Skill      XL: |  1  2  3  4  5  6  7  8  9 10 |
---------------+-------------------------------+-----
Fighting       | 3 4 5 7 8 |  8.1
Dodging        | 2 3 4 |  4.2
Axes           | 5 6 7 8 10 12 13 | 13.3
Armour         | 1 2 3 4 5 6 7 |  7.3
Stealth        | 1 2 |  2.3
Spellcasting   | |  1.8
Conjurations   | |  3.3

Action                     |  1- 3 |  4- 6 |  7- 9 | 10-12 || total
---------------------------+-------+-------+-------+-------++-------
  Melee: Hand axe          |    98 |    44 |       |       ||   142
         Punch             |     2 |     3 |     2 |       ||     7
         War axe           |       |   155 |   294 |    42 ||   491
    Use: Scroll            |       |     7 |     5 |     1 ||    13
         Potion            |       |     1 |     3 |       ||     4
   Stab: Sleeping          |       |     1 |       |       ||     1
 Armour: Acid dragon scale |    52 |   106 |   112 |       ||   270
         Leather armour    |     2 |       |       |       ||     2
         Plate armour      |       |       |    56 |    80 ||   136
  Dodge: Dodged            |    63 |   128 |   139 |    31 ||   361
